 Dungeon Crawl Stone Soup version 0.32-a0-585-gef4fe23122 (webtiles) character file.

Game seed: 9639435816794215557

1248 Kenran the Cleaver (level 8, -13/63 HPs)
             Began as a Minotaur Hedge Wizard on Mar 2, 2024.
             Mangled by an ogre
             ... wielding a +0 giant club
              (29 damage)
             ... on level 5 of the Dungeon.
             The game lasted 00:07:48 (3581 turns).

Kenran the Cleaver (Minotaur Hedge Wizard)          Turns: 3581, Time: 00:07:48

Health: -13/63     AC: 10    Str: 16    XL:     8   Next: 26%
Magic:  10/10      EV: 11    Int: 14    God:
Gold:   171        SH:  0    Dex: 12    Spells: 10/11 levels left

rFire   . . .        a - +0 hand axe
rCold   + . .        (no shield)
rNeg    . . .        f - +2 ring mail {rPois}
rPois   +            c - +0 hat
rElec   .            (no cloak)
rCorr   .            p - +0 pair of gloves
SInv    .            (no boots)
Will    .....        (no amulet)
Stlth   +            (no ring)
HPRegen 0.30/turn    (no ring)
MPRegen 0.12/turn

%: random rage (3%)
@: no status effects
A: horns 2, retaliatory headbutt, iridescent scales 1, agile 1, berserk 1,
clever 1, cold resistance 1, screaming 1
a: no special abilities


You were on level 5 of the Dungeon.
You visited 1 branch of the dungeon, and saw 5 of its levels.
You also visited: Sewer.

You collected 171 gold pieces.

Inventory:

Hand Weapons
 a - a +0 hand axe (weapon)
Armour
 c - a +0 hat (worn)
 f - a +2 ring mail of poison resistance (worn)
 p - a +0 pair of gloves (worn)
Scrolls
 e - a scroll of teleportation
 h - 2 scrolls of enchant weapon {unknown}
 j - 3 scrolls of immolation {!r}
 l - 2 scrolls of poison {!r}
 n - 2 scrolls of silence {unknown}
 o - 2 scrolls of summoning {unknown}
 q - a scroll of blinking {unknown}
 t - 2 scrolls of revelation {unknown}
 u - a scroll of acquirement {unknown}
Potions
 b - a potion of berserk rage {unknown}
 d - 2 potions of magic
 k - a potion of cancellation


   Skills:
 + Level 3.0 Fighting
 + Level 10.5 Axes
 + Level 3.0 Armour
 - Level 2.4 Dodging
 - Level 1.7 Stealth
 - Level 2.2 Spellcasting
 - Level 0.8 Conjurations
 - Level 0.9 Summonings
 - Level 0.8 Translocations


You had 10 spell levels left.
You knew the following spells:

 Your Spells              Type           Power      Damage    Failure   Level
a - Magic Dart            Conj           12%        1d3       30%         1

Your spell library contained the following spells:

 Spells                   Type           Power      Damage    Failure   Level
 Slow                     Hex            4%         N/A       41%         1
 Blink                    Tloc           8%         N/A       41%         2
 Call Imp                 Summ           8%         N/A       41%         2
 Cigotuvi's Dreadful Rot  Necr/Alch/Air  2%         N/A       54%         2
 Mephitic Cloud           Conj/Alch/Air  2%         N/A       75%         3


Dungeon Overview and Level Annotations

Branches:
Dungeon (5/15)              Sewer (visited)
 Temple: D:4-7

Altars:
Ru


Innate Abilities, Weirdness & Mutations

You have a pair of horns on your head.
You reflexively headbutt those who attack you in melee.
You are partially covered in iridescent scales. (AC +2)
You are agile. (Dex +4, Str/Int -1)
You sometimes lose your temper in combat.
Your mind is acute. (Int +4, Str/Dex -1)
Your flesh is cold resistant. (rC+)
You occasionally shout uncontrollably at your foes.


Message History

You barely miss the ogre. The ogre hits you with a +0 giant club!
The gnoll hits you from afar with a +0 halberd!
You are too injured to fight recklessly!
You closely miss the ogre. The gnoll misses you. The gnoll barely misses you.
The ogre hits you with a +0 giant club!
You hit the ogre.
The ogre is lightly wounded.
The gnoll hits you but does no damage. x2
You hit the ogre. Your headbutt misses the ogre.
The ogre is moderately wounded.
The gnoll barely misses you. The gnoll hits you but does no damage.
The ogre hits you with a +0 giant club!
* * * LOW HITPOINT WARNING * * *
You hit the ogre but do no damage. You headbutt the ogre.
The ogre is moderately wounded.
Okay, then.
Okay, then.
The gnoll attacks as it pursues you! The gnoll closely misses you.
Aiming: Iceblast
Press: ? - help, Shift-Dir - straight line, f - gnoll
Aim: a gnoll, wielding a +0 halberd The mass of ice explodes!
The iceblast engulfs the gnoll!
The gnoll is severely wounded.
The iceblast engulfs the ogre!
The ogre is heavily wounded.
The iceblast engulfs the gnoll!
The gnoll is almost dead.
The iceblast engulfs the gnoll!
The gnoll is almost dead.
The now-empty wand crumbles to dust.
You hear a shout! x2
The gnoll closely misses you. x2; The ogre hits you but does no damage.
You hit the ogre.
The ogre is severely wounded.
The gnoll completely misses you. The gnoll barely misses you. x2
You feel better. The gnoll misses you.
The gnoll hits you from afar with a +0 halberd.
* * * LOW HITPOINT WARNING * * *
The ogre hits you with a +0 giant club!!
You die...

.....# ###'## #.....#
#....# #.....#
#....####### ......#
+....#.....# ......#
#....#.....######.....#
#....#.....##..##.g...#
#....#............g...#
#....#..........@Og...#
#....#.....##..##.##'##
.....#####'###'##.#
.....#)....##......
.....#......+.......
.....'......#......?.
.....#......#.........
.....#......#.........#
.....#####+####+#####


You could see an ogre and 3 gnolls.

Vanquished Creatures
  Pikel (D:4)
  A water moccasin (D:4)
  Pargi (Sewer)
  An ogre (D:5)
  4 lemures
  A phantom (D:4)
  2 brain worms (Sewer)
  A scorpion (D:4)
  A hound (D:5)
  Natasha (thrice) (D:3)
  An iguana (D:4)
  An orc wizard (D:2)
  4 adders
  A dart slug (D:3)
  2 ribbon worms
  4 orcs (D:2)
  14 ball pythons
  An endoplasm (D:2)
  4 giant cockroaches
  6 goblins
  5 hobgoblins
  3 quokkas
  4 bats
  6 frilled lizards
  12 kobolds
  4 rats
88 creatures vanquished.

Notes
Turn   | Place    | Note
-------+----------+-------------------------------------------
     0 | D:1      | Kenran the Minotaur Hedge Wizard began the quest for the
                  | Orb.
     0 | D:1      | Reached XP level 1. HP: 14/14 MP: 2/2
   221 | D:1      | Reached XP level 2. HP: 20/20 MP: 4/4
   706 | D:2      | Reached skill level 1 in Axes
   770 | D:2      | Reached skill level 2 in Axes
   770 | D:2      | Reached XP level 3. HP: 17/26 MP: 5/5
   775 | D:2      | Reached skill level 3 in Axes
   976 | D:2      | Reached XP level 4. HP: 33/33 MP: 6/6
  1505 | D:3      | Reached skill level 4 in Axes
  1568 | D:3      | Noticed Natasha
  1580 | D:3      | Killed Natasha
  1695 | D:3      | Reached XP level 5. HP: 38/38 MP: 7/7
  1743 | D:3      | Found a glowing drain.
  1743 | D:3      | Noticed Natasha
  1757 | D:3      | Killed Natasha
  1758 | D:3      | Reached skill level 5 in Axes
  1822 | Sewer    | Entered a sewer
  1840 | Sewer    | Reached skill level 6 in Axes
  1975 | Sewer    | Noticed Pargi
  1985 | Sewer    | Gained mutation: You occasionally shout uncontrollably at
                  | your foes. [potion of mutation]
  1985 | Sewer    | Gained mutation: You frequently scream uncontrollably at
                  | your foes. [potion of mutation]
  1985 | Sewer    | Gained mutation: You have hidden genetic defects. [potion
                  | of mutation]
  1994 | Sewer    | Reached XP level 6. HP: 31/45 MP: 5/8
  1996 | Sewer    | Killed Pargi
  1997 | Sewer    | Reached skill level 7 in Axes
  2007 | Sewer    | Gained mutation: You sometimes lose your temper in combat.
                  | [hidden defects]
  2127 | D:3      | Noticed Natasha
  2138 | D:3      | Killed Natasha
  2329 | D:4      | Found a sacrificial altar of Ru.
  2433 | D:4      | Lost mutation: You frequently scream uncontrollably at your
                  | foes. [potion of mutation]
  2433 | D:4      | Lost mutation: You have hidden genetic defects. [potion of
                  | mutation]
  2433 | D:4      | Gained mutation: You are partially covered in iridescent
                  | scales. (AC +2) [potion of mutation]
  2433 | D:4      | Gained mutation: You are agile. (Dex +4, Str/Int -1)
                  | [potion of mutation]
  2433 | D:4      | Gained mutation: Your flesh is cold resistant. (rC+)
                  | [potion of mutation]
  2433 | D:4      | Gained mutation: Your mind is acute. (Int +4, Str/Dex -1)
                  | [potion of mutation]
  2678 | D:4      | Noticed Pikel
  2693 | D:4      | Killed Pikel
  2694 | D:4      | Reached skill level 10 in Axes
  2694 | D:4      | Reached XP level 7. HP: 46/50 MP: 9/9
  3120 | D:4      | Reached skill level 1 in Fighting
  3120 | D:4      | Reached skill level 1 in Armour
  3185 | D:4      | Reached XP level 8. HP: 60/61 MP: 10/10
  3452 | D:5      | Entered Level 5 of the Dungeon
  3581 | D:5      | Mangled by an ogre

Illustrated notes

Levels and vault maps discovered:
D:1:      lightli_arrival_isolated_outpost, layout_loops_ring
D:2:      layout_basic
D:3:      layout_rooms, cheibrodos_sewer_entry_drain, uniq_natasha
D:4:      layout_basic, nicolae_overflow_crystal_walls, uniq_pikel, uniq_robin
D:5:      layout_gridville

Skill      XL: |  1  2  3  4  5  6  7  8 |
---------------+-------------------------+-----
Axes           | 2 3 4 6 10 | 10.5
Fighting       | 2 3 |  3.0
Armour         | 2 3 |  3.0
Dodging        | |  2.4
Stealth        | |  1.7
Spellcasting   | |  2.2
Conjurations   | |  0.8
Summonings     | |  0.9
Translocations | |  0.8

Action                     |  1- 3 |  4- 6 |  7- 9 || total
---------------------------+-------+-------+-------++-------
  Melee: Hand axe          |    70 |   168 |    82 ||   320
         Headbutt          |    10 |    26 |    12 ||    48
  Evoke: Wand              |       |     4 |     1 ||     5
    Use: Scroll            |     2 |     1 |     1 ||     4
         Potion            |       |     8 |     1 ||     9
 Armour: Ring mail         |    38 |   111 |    59 ||   208
         Robe              |     4 |       |       ||     4
  Dodge: Dodged            |    38 |    85 |    43 ||   166

Table legend: (Time is in decaauts)
 A = Elapsed time spent in this place.
 B = Non-inter-level travel time spent in this place.
 C = Inter-level travel time spent in this place.
 D = Time resting spent in this place.
 E = Time spent auto-exploring this place.
 F = Levels seen in this place.
 G = Mean time per level.
                   A        B        C        D        E       F      G
               +--------+--------+--------+--------+--------+-----+--------+
         Total |   3661 |   3589 |     72 |    612 |   1821 |   6 |  610.2 |
       Dungeon |   3388 |   3316 |     72 |    554 |   1748 |   5 |  677.6 |
         Sewer |    273 |    273 |      0 |     58 |     72 |   1 |  273.0 |
               +--------+--------+--------+--------+--------+-----+--------+

Top non-repeatable levels by time:
     D:4: 1134 daAuts
     D:2: 848 daAuts
     D:1: 669 daAuts
     D:3: 610 daAuts
   Sewer: 273 daAuts
     D:5: 125 daAuts
